 Dungeon Sprint DCSS version 0.27-a0-1123-g2f9bb313c0 (webtiles) character file.

Game seed: 242650026415230892

3400000 Zeld the Middleweight Champion (level 24, -100/204 HPs)
             Began as an Octopode Gladiator on May 3, 2021.
             Was the Champion of Makhleb.
             Annihilated by a large bag of meat
             ... wielding a +9 giant spiked club
              (121 damage)
             ... in the Dungeon (Sprint VIII: "Arena of Blood").
             The game lasted 00:02:02 (34 turns).

Zeld the Middleweight Champion (Octopode Gladiator)   Turns: 34, Time: 00:02:02

Health: -100/204   AC:  1    Str: 24    XL:     24   Next: 53%
Magic:  22/40      EV: 27    Int: 10    God:    Makhleb [******]
Gold:   0          SH:  0    Dex: 14    Spells: 49/49 levels left

rFire    . . .     SeeInvis .   i - +∞ Axe of Woe
rCold    . . .     Faith    .   (shield currently unavailable)
rNeg     . . .     Spirit   .   a - +0 hat
rPois    .         Reflect  .   (no amulet)
rElec    .         Harm     .   (no ring)
rCorr    .         Rampage  .   (no ring)
Will     +....     NoTele   +   (no ring)
Stlth    ++++++++..             (no ring)
HPRegen  0.44/turn              (no ring)
MPRegen  0.27/turn              (no ring)
                                (no ring)
                                (no ring)

@: no status effects
A: almost no armour, amphibious, 8 rings, camouflage 1, gelatinous body 1,
(nimble swimmer 1), tentacles
a: Renounce Religion, Minor Destruction, Lesser Servant of Makhleb, Major
Destruction, Greater Servant of Makhleb


You were in the Dungeon.
You worshipped Makhleb.
Makhleb was exalted by your worship.
You visited 1 branch

Inventory:

Hand Weapons
 i - the +∞ Axe of Woe (weapon)
   (You found it in the Dungeon)
Armour
 a - a +0 hat (worn)
Potions
 c - a potion of curing
 d - a potion of heal wounds
 e - a potion of haste
 f - 2 potions of magic
 g - a potion of berserk rage


   Skills:
 O Level 27 Fighting
 + Level 14.4(16.6) Short Blades
 + Level 14.4(16.6) Long Blades
 O Level 27 Axes
 + Level 14.4(23.5) Maces & Flails
 + Level 14.4(23.5) Polearms
 + Level 14.4(18.5) Staves
 + Level 14.4(22.3) Slings
 + Level 14.4 Bows
 + Level 14.4 Crossbows
 O Level 27 Throwing
 O Level 27 Dodging
 + Level 19.3 Stealth
 + Level 14.4 Shields
 O Level 27 Unarmed Combat
 + Level 13.4 Spellcasting
 + Level 15.4 Conjurations
 + Level 15.0 Hexes
 + Level 14.4 Summonings
 + Level 14.4 Necromancy
 + Level 14.4 Translocations
 + Level 15.3 Transmutations
 + Level 15.4 Fire Magic
 + Level 15.3 Ice Magic
 + Level 15.3 Air Magic
 + Level 15.3 Earth Magic
 + Level 18.4 Poison Magic
 O Level 27 Invocations
 + Level 17.1 Evocations


You had 49 spell levels left.
You didn't know any spells.
Your spell library was empty.

Dungeon Overview and Level Annotations

Branches:
Dungeon (1/1)

Altars:
Makhleb


Innate Abilities, Weirdness & Mutations

You cannot wear most types of armour.
You are amphibious.
You can wear up to eight rings at the same time.
Your skin changes colour to match your surroundings (Stealth+).
Your rubbery body absorbs attacks. (AC +1, EV +1)
((You are camouflaged near water. (Stealth+)))
You have tentacles for arms and can constrict up to eight enemies at once.


Message History

Your Bows skill increases to level 14!
Your Crossbows skill increases to level 14!
Your Stealth skill increases to level 19!
Your Shields skill increases to level 14!
Your Spellcasting skill increases to level 13!
Your Conjurations skill increases to level 15!
Your Hexes skill increases to level 15!
Your Summonings skill increases to level 14!
Your Necromancy skill increases to level 14!
Your Translocations skill increases to level 14!
Your Transmutations skill increases to level 15!
Your Fire Magic skill increases to level 15!
Your Ice Magic skill increases to level 15!
Your Air Magic skill increases to level 15!
Your Earth Magic skill increases to level 15!
Your Poison Magic skill increases to level 18!
Your Evocations skill gained 2 levels and is now at level 17!
You have reached level 24!
Your experience leads to an increase in your attributes!
Increase (S)trength, (I)ntelligence, or (D)exterity?
You feel stronger.
Unknown command.
Press < or > to pray at altars.
Blink to where?
Press: ? - help, Dir - move target
As you read the scroll of blinking, it crumbles to dust.
An orc and an ogre come into view.
The destroyer appears out of thin air!
A destroyer comes into view. It is wielding a +9 vorpal great sword.
The meat berserker shouts!
The destroyer shouts!
You hear a roar!
You hear a shout! x3
The meat berserker rages.
You hear a shout!
A bag of meat comes into view. It is wielding a +9 war axe.
You hear a shout! x3
The large bag of meat is engulfed in blazing flames.
The large bag of meat completely misses you.
The large bag of meat hits you with a +9 giant spiked club!!!!
Ouch! That really hurt!
You die...

.. ... #.. ..#
#.o ..# .
.###.. ..###..
......###......
.....§○§.......
....#§§z).#....
. #_§O§_# .
#.O@).#
......§§..O....
......###......
.###.. ..###..
#.. ..# . #..
..# V. O.. .o
..


You could see a destroyer, a sculptor of flesh, a large bag of meat (inner
flame), 2 meat berserkers and 2 bags of meat.

Vanquished Creatures
  A vampire knight (D)
  11 ogres (D)
  2 two-headed ogres (D)
  19 orcs (D)
33 creatures vanquished.

Notes
Turn   | Place    | Note
-------+----------+-------------------------------------------
     0 | D        | Found the +∞ Axe of Woe
     0 | D        | Zeld the Octopode Gladiator began the quest for the Orb.
     0 | D        | Reached XP level 1. HP: 14/14 MP: 1/1
     1 | D        | Noticed a bag of meat
     1 | D        | Noticed a bag of meat
     3 | D        | Became a worshipper of Makhleb the Destroyer
     4 | D        | Noticed a bag of meat
     4 | D        | Noticed a bag of meat
     4 | D        | Noticed a meat berserker
     5 | D        | Noticed a bag of meat
     7 | D        | Noticed a bag of meat
     8 | D        | Killed a meat berserker
     8 | D        | Noticed a bag of meat
     8 | D        | Noticed a meat berserker
     8 | D        | Noticed a bag of meat
     9 | D        | Reached XP level 2. HP: 33/33 MP: 2/2
     9 | D        | Reached XP level 3. HP: 38/38 MP: 3/3
     9 | D        | Reached XP level 4. HP: 45/45 MP: 4/4
     9 | D        | Reached XP level 5. HP: 50/50 MP: 5/5
     9 | D        | Reached XP level 6. HP: 55/55 MP: 6/6
     9 | D        | Reached XP level 7. HP: 61/61 MP: 7/7
     9 | D        | Reached XP level 8. HP: 67/67 MP: 8/8
     9 | D        | Reached XP level 9. HP: 72/72 MP: 9/9
     9 | D        | Reached XP level 10. HP: 79/79 MP: 10/10
     9 | D        | Reached XP level 11. HP: 83/83 MP: 11/11
     9 | D        | Reached XP level 12. HP: 90/90 MP: 12/12
     9 | D        | Reached XP level 13. HP: 95/95 MP: 13/13
     9 | D        | Noticed a meat berserker
     9 | D        | Killed a bag of meat
     9 | D        | Reached * piety under Makhleb
     9 | D        | Noticed a meat berserker
    10 | D        | Reached XP level 14. HP: 103/103 MP: 14/14
    10 | D        | Killed a meat berserker
    10 | D        | Killed a bag of meat
    11 | D        | Reached skill level 10 in Axes
    11 | D        | Reached XP level 15. HP: 81/114 MP: 15/15
    11 | D        | Killed a meat berserker
    11 | D        | Reached ** piety under Makhleb
    12 | D        | Reached skill level 27 in Dodging
    12 | D        | Reached skill level 27 in Unarmed Combat
    12 | D        | Reached XP level 16. HP: 104/128 MP: 16/16
    12 | D        | Reached XP level 17. HP: 110/135 MP: 17/17
    12 | D        | Reached *** piety under Makhleb
    12 | D        | Noticed a meat berserker
    13 | D        | Killed a meat berserker
    13 | D        | Reached **** piety under Makhleb
    14 | D        | Reached XP level 18. HP: 126/154 MP: 18/18
    14 | D        | Noticed a meat berserker
    15 | D        | Noticed a meat berserker
    15 | D        | Noticed a meat berserker
    16 | D        | Noticed a meat berserker
    18 | D        | Killed a meat berserker
    18 | D        | Killed a meat berserker
    19 | D        | Reached skill level 27 in Fighting
    19 | D        | Reached skill level 27 in Axes
    19 | D        | Reached skill level 27 in Throwing
    19 | D        | Reached XP level 19. HP: 170/170 MP: 19/19
    19 | D        | Reached ***** piety under Makhleb
    20 | D        | Reached skill level 5 in Stealth
    20 | D        | Reached skill level 5 in Poison Magic
    20 | D        | Reached skill level 5 in Invocations
    20 | D        | Reached skill level 5 in Evocations
    20 | D        | Killed a meat berserker
    20 | D        | Noticed a meat berserker
    21 | D        | Reached skill level 5 in Short Blades
    21 | D        | Reached skill level 5 in Long Blades
    21 | D        | Reached skill level 5 in Polearms
    21 | D        | Reached skill level 5 in Staves
    21 | D        | Reached skill level 5 in Slings
    21 | D        | Reached skill level 5 in Bows
    21 | D        | Reached skill level 5 in Crossbows
    21 | D        | Reached skill level 5 in Shields
    21 | D        | Reached skill level 5 in Spellcasting
    21 | D        | Reached skill level 5 in Conjurations
    21 | D        | Reached skill level 5 in Summonings
    21 | D        | Reached skill level 5 in Translocations
    21 | D        | Reached skill level 5 in Transmutations
    21 | D        | Reached skill level 5 in Fire Magic
    21 | D        | Reached skill level 5 in Ice Magic
    21 | D        | Reached skill level 5 in Air Magic
    21 | D        | Reached skill level 5 in Earth Magic
    21 | D        | Reached XP level 20. HP: 177/177 MP: 19/28
    21 | D        | Killed a meat berserker
    21 | D        | Killed a meat berserker
    21 | D        | Noticed a large bag of meat
    22 | D        | Reached skill level 10 in Hexes
    22 | D        | Reached XP level 21. HP: 183/183 MP: 19/33
    24 | D        | Noticed a meat berserker
    25 | D        | Noticed a large bag of meat
    25 | D        | Noticed a destroyer
    26 | D        | Reached ****** piety under Makhleb
    26 | D        | Killed a meat berserker
    27 | D        | Reached skill level 27 in Invocations
    27 | D        | Reached XP level 22. HP: 190/190 MP: 20/39
    28 | D        | Reached skill level 10 in Spellcasting
    28 | D        | Killed a destroyer
    28 | D        | Killed a large bag of meat
    29 | D        | Reached XP level 23. HP: 140/197 MP: 20/40
    30 | D        | Noticed a large bag of meat
    31 | D        | Reached skill level 15 in Evocations
    33 | D        | Killed a large bag of meat
    34 | D        | Reached skill level 15 in Conjurations
    34 | D        | Reached skill level 15 in Hexes
    34 | D        | Reached skill level 15 in Transmutations
    34 | D        | Reached skill level 15 in Fire Magic
    34 | D        | Reached skill level 15 in Ice Magic
    34 | D        | Reached skill level 15 in Air Magic
    34 | D        | Reached skill level 15 in Earth Magic
    34 | D        | Reached XP level 24. HP: 20/204 MP: 21/40
    34 | D        | Noticed a destroyer
    34 | D        | Annihilated by a large bag of meat

Illustrated notes

Levels and vault maps discovered:
D:        meatsprint

Skill      XL: |  1  2  3  4  5  6  7  8  9 10 11 12 13 14 15 16 17 18 19 20 21 22 23 |
---------------+----------------------------------------------------------------------+-----
Fighting       | 11 12 14 18 23 27 | 27.0
Axes           | 6 7 10 16 24 27 | 27.0
Throwing       | 11 12 14 18 22 27 | 27.0
Dodging        | 20 21 24 27 | 27.0
Unarmed Combat | 20 21 25 27 | 27.0
Short Blades   | 5 9 12 14 | 14.4
Long Blades    | 5 9 12 14 | 14.4
Maces & Flails | 6 9 12 14 | 14.4
Polearms       | 5 9 12 14 | 14.4
Staves         | 5 9 12 14 | 14.4
Slings         | 5 9 12 14 | 14.4
Bows           | 5 9 12 14 | 14.4
Crossbows      | 5 9 12 14 | 14.4
Stealth        | 8 12 16 19 | 19.3
Shields        | 5 9 12 14 | 14.4
Spellcasting   | 5 8 11 13 | 13.4
Conjurations   | 5 9 13 15 | 15.4
Hexes          | 6 10 13 15 | 15.0
Summonings     | 5 9 12 14 | 14.4
Necromancy     | 6 9 12 14 | 14.4
Translocations | 5 9 12 14 | 14.4
Transmutations | 5 9 13 15 | 15.3
Fire Magic     | 5 9 13 15 | 15.4
Ice Magic      | 5 9 13 15 | 15.3
Air Magic      | 5 9 13 15 | 15.3
Earth Magic    | 5 9 13 15 | 15.3
Poison Magic   | 8 11 16 18 | 18.4
Invocations    | 7 11 27 | 27.0
Evocations     | 7 11 14 17 | 17.1

Action                   |  1- 3 |  4- 6 |  7- 9 | 10-12 | 13-15 | 16-18 | 19-21 | 22-24 || total
-------------------------+-------+-------+-------+-------+-------+-------+-------+-------++-------
Melee: Executioner's axe |     1 |       |       |       |     3 |     3 |     5 |     4 ||    16
Invok: Minor Destruction |       |       |       |       |       |       |     1 |       ||     1
       Greater Servant o |       |       |       |       |       |       |       |     1 ||     1
  Use: Scroll            |       |       |       |       |       |       |       |     1 ||     1
Dodge: Dodged            |       |       |       |       |     1 |       |       |     2 ||     3

Table legend: (Time is in decaauts)
 A = Elapsed time spent in this place.
 B = Non-inter-level travel time spent in this place.
 C = Inter-level travel time spent in this place.
 D = Time resting spent in this place.
 E = Time spent auto-exploring this place.
 F = Levels seen in this place.
 G = Mean time per level.
                   A        B        C        D        E       F      G
               +--------+--------+--------+--------+--------+-----+--------+
         Total |     33 |     33 |      0 |      0 |      0 |   1 |   33.0 |
       Dungeon |     33 |     33 |      0 |      0 |      0 |   1 |   33.0 |
               +--------+--------+--------+--------+--------+-----+--------+

Top non-repeatable levels by time:
       D: 33 daAuts
